 Dungeon Crawl Stone Soup version 0.24.0-123-gd5b16e6ec5 (webtiles) character file.

Game seed: 13197743470925934424, levelgen mode: deterministic

97 Curus the Poker (level 4, -3/33 HPs)
             Began as a Merfolk Gladiator on Dec 26, 2019.
             Slain by Natasha (7 damage)
             ... on level 2 of the Dungeon.
             The game lasted 00:04:00 (1128 turns).

Curus the Poker (Merfolk Gladiator)                 Turns: 1128, Time: 00:04:01

Health: -3/33      AC:  5    Str: 14    XL:     4   Next: 68%
Magic:  4/4        EV: 14    Int:  9    God:
Gold:   77         SH:  0    Dex: 16    Spells: 3/3 levels left

rFire    . . .     SeeInvis .   a - +0 trident
rCold    . . .     Gourm    .   (no shield)
rNeg     . . .     Faith    .   b - +0 leather armour
rPois    .         Spirit   .   c - +0 helmet
rElec    .         Reflect  .   (no cloak)
rCorr    .         Harm     .   (no gloves)
MR       .....                  e - +0 pair of boots
Stlth    +.........             (no amulet)
HPRegen  0.11/turn              (no ring)
MPRegen  0.09/turn              (no ring)

@: slowed, very slow
A: change form in water, swift swim, stealthy swim, clever 1, screaming 1,
evolution 1, MP-powered wands
a: no special abilities


You were on level 2 of the Dungeon.
You were not hungry.

You visited 1 branch of the dungeon, and saw 2 of its levels.

You collected 77 gold pieces.

Inventory:

Hand Weapons
 a - a +0 trident (weapon)
Missiles
 d - 3 throwing nets (quivered)
Armour
 b - a +0 leather armour (worn)
 c - a +0 helmet (worn)
 e - a +0 pair of boots (worn)
 i - a cursed -1 ring mail
Scrolls
 h - 3 scrolls of identify
 l - a scroll of immolation
Potions
 g - 2 potions of curing
Comestibles
 f - 4 rations
 j - a chunk of flesh


   Skills:
 - Level 2.1 Fighting
 + Level 7.7 Polearms
 - Level 2.0 Throwing
 - Level 4.0 Dodging


You had 3 spell levels left.
You didn't know any spells.
Your spell library was empty.

Dungeon Overview and Level Annotations

Branches:
Dungeon (2/15)

Altars:
Uskayaw

Annotations:
D:2 Natasha


Innate Abilities, Weirdness & Mutations

You revert to your normal form in water.
You are very nimble and swift while swimming.
You are very stealthy in the water. (Stealth+)
Your mind is acute. (Int +2)
You occasionally shout uncontrollably at your foes.
You evolve.
You expend magic power (3 MP) to strengthen your wands.


Message History

The crimson imp hits you but does no damage.
You barely miss the crimson imp. The crimson imp closely misses you.
Natasha claws you. The crimson imp misses you.
The crimson imp hits you but does no damage.
You barely miss Natasha. Natasha claws you. The crimson imp misses you.
Natasha claws you!
* * * LOW HITPOINT WARNING * * *
The crimson imp misses you.
You closely miss Natasha. The crimson imp barely misses you.
The crimson imp hits you.
* * * LOW HITPOINT WARNING * * *
Natasha closely misses you. The crimson imp misses you.
The crimson imp closely misses you.
You hit Natasha.
Natasha is lightly wounded.
The crimson imp blinks!
Natasha claws you but does no damage. The crimson imp barely misses you.
The crimson imp hits you but does no damage.
Natasha claws you!
You die...

#.............# ###..##...#
#..##.........#####...###.###
##.##..........<.[...........
#............###..######.###
####.........# #.#########
#.........###........#
#####.........##...#######
##.....[....§.......#
##..........55@.....##
#............h5..####
#................#
#................#
#.....†.........[#
#...............[#
#................#
##..............##
##.....##.....##


You could see Natasha and 3 crimson imps.

Vanquished Creatures
  Natasha (twice) (D:2)
  An adder (D:2)
  A worm (D:2)
  3 dart slugs (D:1)
  4 goblins
  4 hobgoblins (D:1)
  4 jackals (D:1)
  3 kobolds
  5 bats
  2 frilled lizards
  6 rats
35 creatures vanquished.

Notes
Turn   | Place    | Note
-------+----------+-------------------------------------------
     0 | D:1      | Curus the Merfolk Gladiator began the quest for the Orb.
     0 | D:1      | Reached XP level 1. HP: 16/16 MP: 1/1
    19 | D:1      | Reached skill level 5 in Polearms
    56 | D:1      | Reached XP level 2. HP: 9/22 MP: 2/2
   445 | D:1      | Gained mutation: You occasionally shout uncontrollably at
                  | your foes. [potion of mutation]
   445 | D:1      | Gained mutation: Your mind is acute. (Int +2) [potion of
                  | mutation]
   445 | D:1      | Gained mutation: You evolve. [potion of mutation]
   445 | D:1      | Gained mutation: You expend magic power (3 MP) to
                  | strengthen your wands. [potion of mutation]
   477 | D:1      | Reached skill level 6 in Polearms
   477 | D:1      | Reached XP level 3. HP: 27/27 MP: 3/3
   634 | D:1      | You fall into a shaft and drop 1 floor!
   897 | D:2      | Noticed Natasha
   899 | D:2      | Found a hide-covered altar of Uskayaw.
   911 | D:2      | Killed Natasha
   911 | D:2      | Reached skill level 7 in Polearms
   911 | D:2      | Reached XP level 4. HP: 14/33 MP: 4/4
  1083 | D:2      | Noticed Natasha
  1091 | D:2      | Killed Natasha
  1119 | D:2      | Noticed Natasha
  1128 | D:2      | Slain by Natasha

Levels and vault maps discovered:
D:1:      scummos_arrival_star, layout_loops_ring, serial_forest,
          infiniplex_forest_clump_small, infiniplex_forest_straight_2,
          infiniplex_forest_clump_medium, infiniplex_forest_lined_2,
          infiniplex_forest_straight_1, infiniplex_forest_end_2
D:2:      lemuel_upstairs_altar, layout_rooms, eat_drink_and_be_merry_uskayaw,
          uniq_natasha

Skill      XL: |  1  2  3 |
---------------+----------+-----
Polearms       | 5 6 7 |  7.7
Fighting       | |  2.1
Throwing       | |  2.0
Dodging        | |  4.0

Action                   |  1- 3 |  4- 6 || total
-------------------------+-------+-------++-------
Melee: Trident           |   114 |    20 ||   134
  Use: Potion            |     5 |     1 ||     6
       Scroll            |     4 |     1 ||     5
  Eat: Chunk             |       |     1 ||     1
Armor: Leather armour    |    20 |     5 ||    25
Dodge: Dodged            |    89 |    17 ||   106
